Map: Tokamak LE

Players

HeroMarine

  • Race: Terran Terran
  • Spawn Location: 1:00

Serral - Winner!

  • Race: Zerg Zerg
  • Spawn Location: 7:00

Event: Esports World Cup 2025

VOD

Have the link to the VOD?

Description

Time

  • Played on: July 22, 2025, 11:42 a.m.
  • Length: 15:35

All games in this series

Show
View Real Time Build Order
Export as new Build Order

HeroMarine Terran 

Build Orders: Command Center First 

Get SALT Encoding   

  12  0:00  SCV  
  13  0:12  SCV  
  14  0:17  Supply Depot  
  14  0:24  SCV  
  15  0:38  SCV  
  16  0:50  SCV  
  17  0:58  Command Center  
  17  1:02  SCV  
  18  1:12  Barracks  
  18  1:15  SCV  
  19  1:20  Refinery  
  19  1:27  SCV  
  20  1:39  SCV  
  21  1:51  SCV  
  22  1:59  Marine  
  23  2:03  Orbital Command  
  23  2:12  Orbital Command  
  23  2:17  Reaper  
  23  2:20  Command Center  
  24  2:29  SCV  
  25  2:32  Barracks  
  25  2:37  SCV  
  25  2:41  SCV  
  27  2:45  Barracks  
  27  2:49  Barracks Reactor  
  27  2:50  SCV  
  28  2:53  SCV  
  29  2:59  Refinery  
  29  3:02  SCV  
  29  3:05  SCV  
  31  3:06  Supply Depot  
  31  3:14  SCV  
  31  3:17  SCV  
  31  3:19  Barracks Tech Lab  
  33  3:26  Marine x2  
  33  3:27  SCV  
  36  3:29  SCV  
  36  3:32  Orbital Command, Barracks Reactor  
  37  3:38  Stimpack, Marine  
  37  3:39  SCV  
  39  3:41  SCV  
  39  3:44  Marine x2  
  42  3:51  SCV  
  42  3:53  SCV  
  42  3:54  Supply Depot  
  44  3:56  Marine  
  44  3:58  SCV  
  44  3:59  Engineering Bay  
  44  4:00  Factory  
  44  4:02  Marine  
  47  4:03  SCV  
  47  4:06  SCV  
  49  4:10  Marine, SCV  
  49  4:11  Marine x2  
  49  4:13  Marine  
  49  4:15  SCV  
  55  4:17  Supply Depot  
  55  4:18  SCV  
  55  4:22  SCV  
  55  4:23  Refinery  
  57  4:24  Refinery  
  57  4:25  Terran Infantry Weapons Level 1  
  57  4:26  Marine  
  57  4:27  SCV  
  57  4:28  Marine x2  
  57  4:29  Marine  
  57  4:30  SCV  
  63  4:39  Supply Depot  
  63  4:41  Barracks x2  
  63  4:44  Marine  
  63  4:45  Marine  
  67  4:46  Orbital Command, Marine x2  
  67  4:48  Factory Reactor, Starport  
  67  4:50  SCV x2  
  69  4:58  Marine  
  70  5:02  Marine x2, SCV x2  
  70  5:04  Marine  
  70  5:05  Supply Depot  
  75  5:12  SCV  
  76  5:14  SCV x2  
  76  5:17  Barracks  
  76  5:18  Barracks  
  78  5:22  Barracks  
  78  5:24  SCV  
  78  5:26  SCV x2  
  81  5:29  Barracks Reactor  
  81  5:30  Barracks Reactor  
  81  5:32  Factory Tech Lab  
  81  5:35  Medivac x2  
  85  5:36  SCV  
  85  5:38  Supply Depot, SCV  
  85  5:39  Supply Depot, SCV  
  85  5:42  Marine x2  
  90  5:45  Marine x3  
  90  5:48  Supply Depot  
  92  5:50  Combat Shield  
  92  5:57  Supply Depot  
  92  5:59  Supply Depot, Siege Tank  
  92  6:01  Supply Depot, Marine x2  
  92  6:02  Marine  
  92  6:03  Marine  
  99  6:06  Medivac  
  99  6:08  Medivac  
  99  6:10  Marine  
  104  6:11  Marine  
  104  6:14  Marine x3  
  104  6:17  Marine  
  104  6:18  Marine x2  
  111  6:19  Marine x2  
  111  6:20  Terran Infantry Armor Level 1  
  113  6:25  Supply Depot  
  113  6:27  Marine x3  
  113  6:29  Marine  
  113  6:31  Marine  
  113  6:32  Marine x2, Siege Tank  
  123  6:35  Marine x3  
  123  6:36  Marine  
  123  6:37  Marine  
  128  6:40  Medivac  
  128  6:41  Supply Depot, Medivac  
  128  6:45  Marine x3  
  132  6:47  Marine  
  132  6:49  Marine x2  
  132  6:50  Marine  
  132  6:53  Marine x3  
  139  6:57  Supply Depot x2  
  139  6:58  Supply Depot, Marine x2  
  141  7:03  Marine x3  
  141  7:05  Marine, Siege Tank  
  141  7:07  Marine x2  
  141  7:08  Marine  
  151  7:11  Marine x3  
  151  7:14  Medivac  
  156  7:16  Marine  
  156  7:17  Marine  
  156  7:18  Medivac  
  156  7:21  Marine x3  
  161  7:23  Marine  
  161  7:25  Marine x3  
  161  7:29  Marine x3  
  168  7:30  Supply Depot  
  168  7:32  Supply Depot  
  168  7:34  Marine  
  168  7:35  Marine  
  170  7:37  Siege Tank  
  170  7:38  Marine  
  170  7:39  Marine x2  
  170  7:41  Marine  
  170  7:43  Marine x3  
  180  7:46  Marine  
  180  7:49  Marine x2  
  181  7:52  Marine  
  181  7:53  Marine  
  181  7:56  Marine  
  181  7:57  Marine x2  
  171  7:59  Marine  
  171  8:01  Marine x3  
  171  8:04  Marine  
  176  8:07  Marine x2  
  176  8:09  Siege Tank  
  176  8:10  Marine  
  176  8:11  Marine  
  181  8:14  Marine  
  181  8:15  Marine x2  
  181  8:16  Marine  
  181  8:18  Marine  
  181  8:19  Marine x2, Medivac x2  
  182  8:22  Marine  
  182  8:25  Marine x2  
  181  8:27  Marine  
  181  8:29  Marine  
  181  8:32  Marine  
  181  8:33  Marine x2  
  175  8:34  Marine  
  175  8:36  Marine x2  
  175  8:37  Marine  
  175  8:40  Marine  
  173  8:41  Siege Tank  
  173  8:43  Marine x2  
  173  8:45  Marine  
  173  8:46  Marine  
  154  8:49  Medivac x2  
  154  8:50  Marine  
  154  8:51  Marine x2  
  154  8:52  Marine  
  154  8:54  Marine x2  
  154  8:55  Marine  
  134  8:58  Marine  
  134  9:00  Marine  
  134  9:01  Marine, Armory  
  134  9:02  Engineering Bay  
  134  9:03  Marine  
  134  9:04  Marine  
  134  9:07  Marine  
  134  9:08  Marine  
  134  9:09  Marine  
  139  9:10  Marine  
  139  9:12  Marine x2  
  139  9:13  Marine  
  139  9:14  Factory, SCV  
  139  9:15  SCV x2  
  139  9:16  Marine  
  147  9:22  Marine  
  134  9:26  Marine x3, SCV  
  134  9:27  Siege Tank, SCV x2  
  134  9:30  Medivac  
  129  9:32  Medivac  
  129  9:38  Marine x2  
  125  9:41  Marine x3  
  125  9:44  Marine  
  125  9:45  Marine x4  
  134  9:51  Terran Infantry Armor Level 2, Terran Infantry Weapons Level 2  
  128  10:02  Medivac x2  
  128  10:03  Siege Tank  
  135  10:09  Marine x10  
  135  10:12  Marine  
  146  10:17  Marine  
  147  10:27  Marine x10  
  157  10:30  Marine  
  157  10:34  Marine  
  157  10:35  Siege Tank  
  162  10:40  Siege Tank  
  162  10:44  Marine  
  162  10:45  Marine x9  
  162  10:47  Marine  
  173  10:52  Marine  
  173  10:53  Medivac  
  173  10:54  Medivac  
  178  11:02  Marine x8  
  188  11:06  Supply Depot  
  188  11:07  Siege Tank  
  188  11:10  Marine  
  193  11:12  Siege Tank  
  196  11:20  Marine x4, Barracks Tech Lab x3  
  197  11:25  Marine  
  197  11:26  Marine x3  
  197  11:31  Barracks Tech Lab  
  195  11:38  Marine x4  
  193  11:44  Siege Tank x2  
  197  11:51  Marauder  
  197  11:52  Marauder, Marine x3  
  185  11:55  Marine x2  
  185  11:56  Marine  
  185  11:57  Marine x2, Concussive Shells  
  185  11:58  Marine x2  
  142  12:09  Marine x2  
  142  12:13  Marauder x2, Marine x2  
  142  12:14  Marauder  
  142  12:15  Marine x2  
  144  12:16  Marine  
  144  12:21  Siege Tank x2  
  152  12:25  Refinery x2  
  152  12:26  Marine  
  152  12:27  Marine  
  152  12:28  Marine  
  153  12:31  Marauder, Marine x2  
  153  12:33  Marine x2  
  153  12:34  Marauder x2, Marine  
  153  12:35  Marauder  
  166  12:41  Drilling Claws  
  166  12:44  Orbital Command, Marine  
  166  12:45  Marine  
  166  12:47  Marine  
  166  12:49  Marine x2  
  171  12:51  Marine x2  
  171  12:52  Marauder  
  171  12:53  Marine, Widow Mine  
  171  12:56  Marauder x2, Marine  
  183  13:02  Widow Mine  
  185  13:12  Marine x3  
  188  13:13  Marauder  
  188  13:14  Marauder, Marine  
  188  13:16  Marine x2  
  188  13:17  Marine x2  
  197  13:21  Marauder  
  197  13:22  Marine  
  200  13:32  Marine x2  
  195  13:35  Marauder  
  195  13:36  Marauder, Marine  
  195  13:37  Marine x2  
  200  13:45  Marauder, Marine  
  200  13:46  Marauder  
  200  13:47  Marine  
  188  13:49  Marine  
  188  13:50  Marine  
  188  13:54  Marine  
  160  13:56  Marauder, Marine  
  160  13:57  Marauder, Marine  
  160  14:00  SCV  
  144  14:03  SCV  
  144  14:06  SCV  
  142  14:13  SCV  
  130  14:22  Marine  
  118  14:26  Marauder x2  
  114  14:33  Marauder  
  114  14:34  Marine x3  
  114  14:35  Marine  
  114  14:39  Marine x2  
  111  14:46  Marauder  
  111  14:47  Widow Mine  
  111  14:50  Widow Mine  
  117  14:54  Marauder  
  119  15:01  Marauder  
  119  15:04  Marauder  
  119  15:08  Widow Mine  
  119  15:09  SCV x2  
  119  15:10  SCV  
  119  15:11  Marine x2  
  113  15:15  Marine  
Show
View Real Time Build Order
Export as new Build Order

Serral Zerg - Winner!

Build Orders: Hatch First 

Get SALT Encoding   

  12  0:00  Drone  
  13  0:07  Drone  
  14  0:15  Drone, Extractor  
  15  0:21  Overlord  
  15  0:40  Drone  
  16  0:45  Hatchery  
  16  0:48  Drone  
  16  0:52  Drone  
  16  0:55  Drone  
  18  1:06  Extractor  
  18  1:10  Spawning Pool  
  16  1:13  Drone  
  16  1:18  Drone  
  18  1:27  Drone  
  19  1:38  Drone  
  20  1:47  Drone  
  21  1:56  Queen x2  
  21  1:58  Zergling x2  
  21  1:59  Zergling x2  
  27  2:09  Overlord  
  27  2:10  Drone  
  28  2:21  Hatchery  
  27  2:24  Drone  
  27  2:28  Drone  
  27  2:29  Drone  
  30  2:31  Drone  
  31  2:40  Queen  
  31  2:43  Overlord  
  33  2:46  Drone  
  33  2:50  Drone  
  35  2:52  Drone  
  36  3:02  Overlord  
  36  3:05  Drone x4  
  40  3:08  Drone x2  
  40  3:09  Drone  
  42  3:15  Drone  
  43  3:20  Roach Warren  
  43  3:22  Queen  
  44  3:28  Queen  
  44  3:31  Drone  
  44  3:33  Drone  
  48  3:35  Drone  
  48  3:38  Drone x2  
  48  3:41  Overlord  
  51  3:42  Drone  
  51  3:45  Drone x2  
  54  3:51  Overlord  
  54  3:52  Overlord  
  54  3:57  Drone  
  54  4:00  Overlord  
  54  4:02  Drone  
  57  4:10  Drone x2  
  57  4:13  Drone x2  
  57  4:14  Overlord  
  60  4:17  Lair  
  60  4:19  Drone x2, Extractor x2  
  60  4:21  Queen  
  60  4:23  Roach  
  64  4:27  Roach  
  64  4:29  Roach x3  
  72  4:32  Spore Crawler  
  72  4:37  Drone x3  
  74  4:39  Drone x3  
  74  4:40  Drone  
  74  4:43  Overlord  
  78  4:46  Evolution Chamber  
  78  4:48  Overlord  
  78  4:51  Roach x2  
  81  4:54  Overlord  
  81  4:55  Overlord  
  81  4:59  Extractor  
  80  5:00  Extractor  
  80  5:01  Drone x2  
  80  5:02  Drone  
  80  5:05  Drone x3  
  80  5:06  Drone  
  85  5:10  Drone x3  
  85  5:11  Drone  
  85  5:12  Extractor  
  88  5:15  Zerg Ground Armor Level 1  
  88  5:17  Glial Reconstitution  
  88  5:22  Drone  
  88  5:23  Drone x2  
  88  5:27  Drone  
  88  5:28  Drone  
  93  5:30  Drone x2  
  93  5:33  Hatchery  
  94  5:37  Infestation Pit  
  94  5:39  Drone, Baneling Nest  
  94  5:40  Drone  
  94  5:45  Metabolic Boost  
  94  5:51  Drone x5  
  94  5:52  Evolution Chamber  
  94  5:53  Zergling x2  
  94  5:55  Roach  
  94  5:56  Roach  
  103  5:57  Overseer  
  103  5:59  Roach x2  
  103  6:03  Roach  
  103  6:04  Roach  
  111  6:05  Overlord  
  111  6:08  Ravager x3  
  111  6:09  Roach  
  111  6:10  Roach  
  118  6:15  Roach x2  
  118  6:16  Overlord x2  
  122  6:20  Zerg Melee Weapons Level 1  
  122  6:24  Roach x4  
  130  6:27  Centrifugal Hooks  
  130  6:42  Drone x3  
  130  6:43  Drone  
  133  6:48  Hatchery  
  133  6:49  Hive  
  133  6:50  Zergling x16  
  140  6:54  Overlord  
  140  6:58  Zergling x6  
  143  7:04  Overlord  
  143  7:05  Overlord x4  
  143  7:10  Zerg Ground Armor Level 2  
  143  7:16  Zergling x8  
  147  7:25  Baneling  
  147  7:26  Baneling x8  
  147  7:27  Zergling x14  
  154  7:31  Zergling x4  
  154  7:33  Zergling x2  
  154  7:35  Baneling x3  
  157  7:38  Zergling x6  
  157  7:43  Overlord  
  160  7:46  Zergling x4  
  162  7:57  Zergling x4  
  162  7:58  Zergling x2  
  157  8:01  Baneling x10  
  157  8:03  Zergling x10  
  157  8:05  Ravager x6  
  162  8:07  Zergling x2  
  162  8:09  Ravager  
  162  8:10  Ravager  
  162  8:11  Baneling x7  
  165  8:13  Zergling x14  
  163  8:22  Zergling x6  
  160  8:30  Zergling x6  
  160  8:32  Hatchery, Baneling x4  
  160  8:33  Baneling x4  
  154  8:35  Ravager x3  
  154  8:37  Zergling x10  
  155  8:46  Roach x5  
  149  8:53  Zergling x2  
  149  8:55  Zerg Melee Weapons Level 2  
  136  9:00  Baneling x5  
  136  9:01  Zergling x4  
  138  9:06  Zergling x8  
  142  9:11  Adrenal Glands  
  142  9:13  Zergling x2  
  142  9:14  Zergling x4  
  142  9:15  Hatchery  
  144  9:21  Zergling x14  
  138  9:27  Baneling x8  
  138  9:31  Zergling x6  
  127  9:39  Roach x4  
  127  9:41  Queen  
  127  9:45  Ravager  
  138  9:47  Zergling x10  
  138  9:51  Zergling x4  
  145  9:53  Zergling x2  
  145  9:59  Zergling x6  
  148  10:04  Queen  
  149  10:10  Zergling x14  
  155  10:17  Baneling x7  
  155  10:18  Zergling x4  
  155  10:19  Zergling x4  
  159  10:25  Viper x2  
  159  10:28  Zergling x6  
  167  10:31  Baneling x8  
  167  10:39  Zergling x14  
  162  10:46  Zergling x8  
  166  10:53  Zergling x8  
  166  10:55  Zergling x2  
  169  10:58  Zerg Ground Armor Level 3  
  169  11:00  Zergling x10  
  174  11:05  Zergling x8  
  174  11:09  Baneling x7  
  174  11:10  Baneling  
  178  11:12  Zergling x4  
  178  11:18  Zergling x8  
  177  11:28  Zergling x12  
  174  11:33  Zergling x4  
  174  11:34  Zergling x2  
  174  11:38  Zergling x4  
  179  11:44  Baneling x9  
  179  11:48  Zergling x8  
  179  11:52  Zergling x6  
  173  12:01  Zergling x14  
  150  12:13  Zergling x14  
  150  12:19  Baneling x7  
  150  12:20  Baneling  
  150  12:26  Zergling x10  
  150  12:29  Hatchery  
  154  12:33  Baneling x11  
  154  12:36  Zergling x6  
  156  12:45  Zergling x8, Ultralisk Cavern  
  156  12:50  Zergling x8  
  162  12:56  Zergling x8  
  166  13:01  Zergling x8  
  170  13:09  Baneling x7  
  170  13:11  Zergling x8  
  174  13:17  Drone  
  174  13:18  Spore Crawler  
  174  13:24  Zergling x16  
  181  13:32  Zergling x2  
  181  13:33  Zergling x8  
  176  13:42  Chitinous Plating  
  163  13:49  Zergling x20  
  163  13:53  Zergling x4  
  145  13:56  Viper x2  
  145  13:59  Zergling x2  
  145  14:00  Zergling x6  
  139  14:04  Zergling x4  
  139  14:09  Baneling  
  135  14:10  Baneling x3  
  135  14:17  Zergling x6, Ultralisk x2  
  138  14:32  Zergling x2, Ultralisk, Hatchery  
  138  14:37  Zergling x8  
  147  14:40  Baneling x5  
  147  14:43  Zergling x4  
  148  14:47  Zergling x2  
  148  14:48  Zergling x6  
  157  15:05  Zergling x16  
  160  15:14  Zergling x4  
  160  15:17  Zergling x4  
Tags
 
Add a new tag
Caveats
  • Supply blocks, unpowered buildings, or Contaminate may cause inaccurate times.
  • Supply counts are checked every 10 seconds.